[Event "*** Titled Tuesday Blitz"]
[Site "Chess.com"]
[Date "2019.05.07"]
[Round "9"]
[White "IMRosen"]
[Black "GMsKoRPioN"]
[Result "1-0"]
[WhiteElo "2419"]
[BlackElo "2570"]
[TimeControl "180+2"]
[EndTime "15:07:58 PDT"]
[Termination "IMRosen won by checkmate"]

1. d4 d6 2. e4 g6 3. Nf3 Bg7 4. Bc4 Nf6 5. Qe2 Nc6 6. h3 O-O 7. c3 Nd7 8. Bg5 Nb6 9. Bb3 a5 10.
O-O a4 11. Bc2 Qe8 12. Nbd2 e5 13. Be3 Kh8 14. Rad1 f5 15. exf5 Bxf5 16. Bxf5 gxf5 17. dxe5 dxe5 18. Bxb6 cxb6 19. Nc4 e4 20. Nd4 Nxd4 21. cxd4 Qg6 22. f4 Rad8 23. Ne5 Qe6 24. Qb5 Rd5 25.
Qxa4 Rfd8 26. Rfe1 b5 27. Qb3 h6 28. Kh1 Kh7 29.
Rc1 Qd6 30. Nf7 Qxf4 31. Nxd8 Rxd8 32. Qf7 Rf8 33. Qxb7 Qg3 34. Rf1 Rf6 35. Qxb5 Rg6 36. Qe2 Bxd4 37. Rxf5 e3 38. Rcf1 Be5 39. Rxe5 Qxe5 40.
Rf7+ Kg8 41. Rf3 Re6 42. Kg1 Qd4 43. Rg3+ Kf7 44. Qh5+ Ke7 45. Qe2 Qd2 46. Rg7+ Kf6 47. Qg4 Qe1+ 48. Kh2 Ke5 49. Qh5+ Kd6 50. Qb5 Qc1 51.
Rd7# 1-0

[Event "*** Titled Tuesday Blitz"]
[Site "Chess.com"]
[Date "2019.05.07"]
[Round "9"]
[White "Keithonsky"]
[Black "LiamVrolijk"]
[Result "0-1"]
[WhiteElo "2378"]
[BlackElo "2526"]
[TimeControl "180+2"]
[EndTime "15:07:59 PDT"]
[Termination "LiamVrolijk won by checkmate"]

1. d4 Nf6 2. c4 e6 3. Nf3 b6 4. g3 Ba6 5. Qa4 Bb7 6. Bg2 c5 7. dxc5 bxc5 8. O-O Be7 9. Rd1 O-O 10. Nc3 Qb6 11. Qb5 d6 12. Bf4 Rd8 13. Qxb6 axb6 14. Nb5 Ne8 15. a3 Nc6 16. Ne1 g5 17. Bd2 Rab8 18.
Bc3 h6 19. Nc2 Rd7 20. e4 Rbd8 21. Ne3 Bf6 22. Bxf6 Nxf6 23. Rd2 Na5 24. Re2 Nxe4 25. Ng4 f5 26. Bxe4 Bxe4 27. Nf6+ Kf7 28. Nxe4 fxe4 29.
Rxe4 d5 30. cxd5 exd5 31. Re3 d4 32. Rf3+ Kg7 33. b4 Nc4 34. bxc5 bxc5 35. Rc1 Ne5 36. Rf5 Nd3 37. Rc2 Kg6 38. g4 Re7 39. h4 Re4 40. h5+ Kg7 41. f3 Re1+ 42. Kh2 Rde8 43. Nd6 R8e2+ 44.
Rxe2 Rxe2+ 45. Kg1 Nf4 46. Rxc5 d3 47. Ne4 d2 48. Rc7+ Kf8 49. Nxd2 Rxd2 50. Rc6 Kg7 51. Rc7+ Kg8 52. Rc6 Kg7 53. Rc7+ Kf6 54. Rh7 Ne6 55. Rxh6+ Ke5 56. Rg6 Nd4 57. h6 Kf4 58. Rf6+ Kg3 59.
Kf1 Rd1# 0-1

[Event "*** Titled Tuesday Blitz"]
[Site "Chess.com"]
[Date "2019.05.07"]
[Round "9"]
[White "Jenia84"]
[Black "SoltaniciR"]
[Result "1-0"]
[WhiteElo "2266"]
[BlackElo "2502"]
[TimeControl "180+2"]
[EndTime "15:07:59 PDT"]
[Termination "Jenia84 won by resignation"]

1. e4 c5 2. Nf3 d6 3. d4 cxd4 4.
Nxd4 Nf6 5. Nc3 a6 6. Be2 e6 7.
Be3 Qc7 8. Qd2 b5 9. a3 Bb7 10. f3 h5 11. O-O-O Nbd7 12. Kb1 Rc8 13. Ndxb5 axb5 14.
Nxb5 Qb8 15. Nxd6+ Bxd6 16. Qxd6 Bc6 17. Qxb8 Rxb8 18.
Rd6 Bb5 19. c4 Ba4 20. c5 Ke7 21. b4 Rhc8 22. Ka2 Ne8 23. Ra6 Bb5 24. Bxb5 Rxb5 25. Rd1 f6 26. Ra7 Rc7 27. Rxc7 Nxc7 28. Kb3 Nb8 29. a4 Rb7 30. b5 Nc6 31. f4 Nxb5 32. axb5 Rxb5+ 33. Kc3 Na5 34. Bd4 Nc6 35. Ra1 e5 36.
fxe5 fxe5 37. Bf2 Kd7 38. Rd1+ Kc7 39. Kc4 Rb4+ 40. Kd5 Rb2 41. Bg3 Rxg2 42. Rf1 Rd2+ 43. Ke6 Rc2 44. Rf7+ Kc8 45. Kd6 Nd8 46. Rf8 Rd2+ 47.
Ke7 Rd7+ 48. Ke8 Nc6 49. Rg8 Rd8+ 50. Kf7 Rxg8 51. Kxg8 g5 52. Kg7 h4 53. Bf2 Kd7 54.
Kf6 g4 55. Bxh4 Kc7 56. Bg3 Kd7 57. Bxe5 1-0

[Event "*** Titled Tuesday Blitz"]
[Site "Chess.com"]
[Date "2019.05.07"]
[Round "9"]
[White "wonderfultime"]
[Black "jefferyx"]
[Result "1-0"]
[WhiteElo "2964"]
[BlackElo "2919"]
[TimeControl "180+2"]
[EndTime "15:08:05 PDT"]
[Termination "wonderfultime won by resignation"]

1. d4 d6 2. Nf3 g6 3. g3 Bg7 4. Bg2 Nf6 5. O-O O-O 6. c4 Nc6 7.
Nc3 e5 8. dxe5 dxe5 9. Bg5 Be6 10. Qa4 Qc8 11. Rfd1 Nd7 12. Nd5 Re8 13. Be3 Nb6 14. Qc2 h6 15. Rac1 Nd7 16. b4 Nd8 17. b5 c6 18. bxc6 bxc6 19. Nc3 f5 20. Nh4 Nf8 21. Na4 Nf7 22. Nc5 e4 23. Bf1 Ne5 24.
Nxe6 Qxe6 25. Ng2 Qf7 26. Bc5 Ne6 27. Bd6 g5 28. c5 Ng4 29. h3 Nf6 30. Ne3 Qg6 31.
Nc4 Nd5 32. Ne5 Bxe5 33. Bxe5 e3 34. f3 Kh7 35. Qa4 Nef4 36. Bd6 Rec8 37. Rb1 Qh5 38. Rb7+ Kg6 39. Kh2 Ne6 40. g4 Qh4 41. Bg3 Nxc5 42. Qc2 Qxg3+ 43. Kxg3 Nxb7 44. Qxf5+ Kg7 45. Qd7+ Kf6 46.
Qxb7 Rab8 47. Qa6 Ke5 48. h4 Rc7 49. Qd3 Rb4 50. hxg5 hxg5 51. Qf5+ Kd6 52. Qxg5 Kc5 53. Qe5 Kb6 54. Qd6 Rb5 55. f4 Nc3 56. Qd4+ Rc5 57.
Qb4+ Nb5 58. a4 a5 59. Qb2 1-0

[Event "*** Titled Tuesday Blitz"]
[Site "Chess.com"]
[Date "2019.05.07"]
[Round "9"]
[White "novocane"]
[Black "Manukyan_Artak"]
[Result "1-0"]
[WhiteElo "2266"]
[BlackElo "2407"]
[TimeControl "180+2"]
[EndTime "15:08:09 PDT"]
[Termination "novocane won by resignation"]

1. d4 b6 2. e4 Bb7 3. Bd3 e6 4. Nf3 d5 5. Nbd2 Nf6 6. e5 Nfd7 7. O-O Ba6 8. Ne1 c5 9. f4 g6 10. Bxa6 Nxa6 11. Qe2 Nc7 12. Ndf3 Qc8 13. c3 Qa6 14. Qf2 h5 15. Be3 Be7 16. Kh1 O-O-O 17. b3 Kb8 18. a4 c4 19. b4 Qb7 20. b5 a5 21. bxa6 Qxa6 22. Nc2 Ka7 23. Rfb1 Nb8 24. Rb5 Nc6 25. Rb2 Na5 26. Nb4 Bxb4 27. Rxb4 Nb3 28.
Ra3 Qb7 29. a5 b5 30. Nd2 Nxd2 31. Qxd2 Na6 32. Rb1 Rb8 33. Ra2 Qd7 34. Rab2 Rb7 35. h3 Rhb8 36. Qf2 b4 37. cxb4 Rxb4 38. Rxb4 Rxb4 39.
Rxb4 Nxb4 40. Qb2 Qa4 41. Bd2 Qb3 42. Qa1 Nc2 43. Qc1 Ka6 44. Qd1 Nxd4 45. Qe1 Nc6 46. Qh4 Qd1+ 47. Be1 Qd2 48. Bxd2 d4 49. Qf2 c3 50. Bxc3 dxc3 51. Qc5 Nxa5 52. Qxc3 Kb5 53. Qc7 Nc4 54. Qxf7 Ne3 55. Qxe6 Kb4 56. Qxg6 1-0

[Event "*** Titled Tuesday Blitz"]
[Site "Chess.com"]
[Date "2019.05.07"]
[Round "9"]
[White "Chessdude1987"]
[Black "Chebure"]
[Result "0-1"]
[WhiteElo "2106"]
[BlackElo "2604"]
[TimeControl "180+2"]
[EndTime "15:08:13 PDT"]
[Termination "Chebure won on time"]

1. e4 c6 2. Nf3 d5 3. exd5 cxd5 4. Ne5 Nc6 5. Bb5 Bd7 6. Bxc6 Bxc6 7. O-O e6 8. d4 Bd6 9. Re1 Nf6 10. c4 O-O 11. c5 Bxe5 12. dxe5 Nd7 13. Qg4 Nxc5 14.
Bh6 g6 15. Bxf8 Qxf8 16. Nc3 Qg7 17. Rad1 h5 18. Qf4 b5 19. h4 a5 20. a3 Rb8 21. b4 axb4 22. axb4 Nd7 23. Qd4 Nb6 24. Qc5 Bd7 25. Qd6 Qf8 26. Qxf8+ Kxf8 27. Ra1 Nc4 28.
Ra7 Ke7 29. f4 Nb2 30. Ne2 Nd3 31. Rb1 Rc8 32. Rb3 Ne1 33. Kf2 Nc2 34. Rc3 Rc4 35.
Rc7 Nxb4 36. R3xc4 bxc4 37. Ke3 Nc2+ 38. Kd2 Nb4 39. Nd4 Kd8 40. Ra7 Nd3 41. g3 Nf2 42. Ke3 Ne4 43. Ne2 Nc5 44. Kd4 Nb3+ 45. Kc3 Nc5 46. Nd4 Ne4+ 47. Kb4 Nxg3 48. Kc5 Ne4+ 49. Kb6 c3 50. Ra8+ Ke7 51. Ra1 Nd2 52. Nc6+ Bxc6 53. Kxc6 d4 54. Kc5 Nb3+ 0-1

[Event "*** Titled Tuesday Blitz"]
[Site "Chess.com"]
[Date "2019.05.07"]
[Round "9"]
[White "MathiasWomacka"]
[Black "AndrewMcStone"]
[Result "1/2-1/2"]
[WhiteElo "2233"]
[BlackElo "2148"]
[TimeControl "180+2"]
[EndTime "15:08:14 PDT"]
[Termination "Game drawn by repetition"]

1. e4 Nc6 2. Nf3 d6 3. d4 Nf6 4. Nc3 g6 5. h3 Bg7 6. Be3 O-O 7. Bc4 Nxe4 8. Nxe4 d5 9. Bd3 dxe4 10. Bxe4 f5 11.
Bxc6 bxc6 12. Qd2 c5 13. O-O-O cxd4 14. Bxd4 Bxd4 15. Qxd4 Qxd4 16. Rxd4 Bb7 17. Re1 Be4 18.
Rd7 Rfe8 19. Rxc7 Rac8 20. Rxc8 Rxc8 21. c3 Kg7 22. Rd1 Rc7 23. Rd4 Kf6 24. Kd2 Bxf3 25. gxf3 e5 26. Rd5 Ke6 27. Ra5 f4 28. b3 Kf5 29. c4 Rd7+ 30. Kc3 h5 31. b4 g5 32. a4 Re7 33. Rc5 g4 34. hxg4+ hxg4 35. fxg4+ Kxg4 36.
Kd2 Kf3 37. Ke1 e4 38. a5 Rh7 39. Rf5 Rh1+ 40. Kd2 Rh2 41. b5 Rxf2+ 42. Kc3 e3 43. b6 axb6 44. axb6 Rf1 45. b7 Rb1 46. Rb5 Rxb5 47. cxb5 e2 48. Kd2 Kf2 49. b8=Q e1=Q+ 50. Kd3 Qe2+ 51. Kd4 Qe3+ 52. Kc4 Qe2+ 53. Kc5 Qe3+ 54. Kc6 Qe4+ 55. Kc5 Qe3+ 56. Kc6 Qe4+ 57. Kc5 Qe3+ 1/2-1/2

[Event "*** Titled Tuesday Blitz"]
[Site "Chess.com"]
[Date "2019.05.07"]
[Round "9"]
[White "Casper_Schoppen"]
[Black "2nd_life"]
[Result "1/2-1/2"]
[WhiteElo "2633"]
[BlackElo "2427"]
[TimeControl "180+2"]
[EndTime "15:08:15 PDT"]
[Termination "Game drawn by agreement"]

1. c4 e5 2. Nc3 Bb4 3. Nd5 a5 4. a3 Bc5 5. e3 c6 6. Nc3 Qe7 7. Qc2 Nf6 8. Nf3 O-O 9. Ng5 d6 10. Bd3 h6 11. Nge4 Nbd7 12. O-O Nxe4 13. Nxe4 Nf6 14.
Nxc5 dxc5 15. b3 Rd8 16. Be2 Bg4 17. f3 Bh5 18. Bb2 Bg6 19. Qc3 Nd7 20. f4 f6 21.
f5 Bf7 22. e4 Nf8 23. d3 b6 24. Rfb1 Qd6 25. Bc1 Qd4+ 26. Qxd4 cxd4 27. b4 axb4 28. axb4 Nd7 29. Kf2 Kf8 30. g4 Ke7 31. h4 b5 32. c5 Ba2 33. Rb2 Bf7 34. Rxa8 Rxa8 35. Bd2 Ra2 36. Rxa2 Bxa2 37. Kg3 Bf7 38. g5 hxg5 39.
hxg5 Kf8 40. Kh4 Kg8 41. Be1 Nb8 42. Kg4 Na6 43. Bd1 Kf8 44. Kg3 Ke7 45. Bd2 Kf8 46. Kh4 Ke7 47. Be2 Kf8 48. Bf3 Ke7 49. Be1 Kf8 50. Be2 Ke7 51. Kg4 Kf8 52. Bh4 Ke7 53. Be1 Kf8 54. Bf3 Ke7 55. Kh4 Kf8 56. Bd2 Ke7 57. Bh5 Bxh5 58. Kxh5 Kf7 59. Be1 Nc7 60. gxf6 gxf6 61. Kh6 Ne8 62. Kh7 Ng7 63. Kh6 Ne8 64.
Bg3 Nc7 65. Bh4 Ne8 66. Bg3 Nc7 67. Bf2 1/2-1/2

[Event "*** Titled Tuesday Blitz"]
[Site "Chess.com"]
[Date "2019.05.07"]
[Round "9"]
[White "Lagmantr"]
[Black "Orest_Vovk"]
[Result "0-1"]
[WhiteElo "2571"]
[BlackElo "2467"]
[TimeControl "180+2"]
[EndTime "15:08:18 PDT"]
[Termination "Orest_Vovk won by resignation"]

1. e4 e5 2. Nf3 Nf6 3. Nc3 Nc6 4. Be2 Bc5 5. Nxe5 Nxe5 6. d4 Bd6 7. dxe5 Bxe5 8. Nb5 a6 9. f4 Nxe4 10. fxe5 Qh4+ 11.
g3 Nxg3 12. Nxc7+ Kd8 13. Bg5+ Qxg5 14. Nxa8 Nxh1 15. Qd4 Re8 16. Qb6+ Ke7 17. Qc5+ Kd8 18. Qa5+ Ke7 19. Nc7 Qg1+ 20. Kd2 Qxa1 21. Qb4+ Kd8 22. Qb6 Rxe5 23. Nd5+ Ke8 24. Nc7+ Ke7 25. Qb4+ d6 26.
Qh4+ g5 27. Qa4 b5 28. Qd4 Qxa2 29. Qa7 Bd7 30. Bg4 Bxg4 31. Nd5+ Ke6 32. Nc7+ Kf6 33. Qd4 Qc4 34. Qxd6+ Be6 35. Ne8+ Kf5 36. Ng7+ Kg6 37.
Qxe5 Qd5+ 38. Qxd5 Bxd5 39. Ne8 Nf2 40. Nc7 Bb7 41.
Kc3 f5 42. Kd4 f4 43. Kc5 g4 44. Kb6 Bc8 45. Nd5 Kg5 46. Ne7 Bd7 47. Kxa6 g3 48. hxg3 fxg3 49. Nd5 g2 50. c4 bxc4 51. Nb6 Bc6 52.
b4 cxb3 53. Ka7 b2 54. Kb8 b1=Q 55. Kc7 Qxb6+ 56. Kxb6 g1=Q 57. Kc7 h5 58. Kc8 h4 59.
Kc7 h3 60. Kc8 h2 61. Kc7 Bg2 62. Kc8 h1=Q 63. Kd7 Qh6 64. Ke7 Qe1+ 0-1

[Event "*** Titled Tuesday Blitz"]
[Site "Chess.com"]
[Date "2019.05.07"]
[Round "9"]
[White "penguingm1"]
[Black "platy3"]
[Result "1-0"]
[WhiteElo "2930"]
[BlackElo "2798"]
[TimeControl "180+2"]
[EndTime "15:08:21 PDT"]
[Termination "penguingm1 won by checkmate"]

1. d4 Nf6 2. c4 e6 3. Nc3 Bb4 4. Qc2 d6 5. Nf3 O-O 6. g3 b6 7. Bg2 Bb7 8. O-O Bxc3 9. Qxc3 Nbd7 10. b3 Qe7 11. Bb2 a5 12. Rad1 Be4 13. Rfe1 h6 14. Bh3 Rfb8 15. Nd2 Bh7 16. Bg2 Ra7 17. e4 e5 18. f4 Re8 19. a3 a4 20. b4 c5 21.
dxc5 dxc5 22. b5 Raa8 23. f5 Rad8 24. Nf1 Nf8 25. Qc2 Rd4 26. Qxa4 Red8 27. Qc2 Qd7 28. Ne3 Qc7 29. a4 Qa7 30. Bc3 Qc7 31. Ra1 Ra8 32. h3 N8d7 33. g4 Qd6 34. h4 Rd3 35. Rad1 Rd4 36.
Bf3 Ne8 37. Kf2 Qe7 38. Kg3 Nd6 39. Nd5 Qd8 40. Bxd4 cxd4 41. Nb4 Nc5 42. Nc6 Qe8 43. Ra1 g6 44. a5 bxa5 45. Rxa5 Rxa5 46. Nxa5 gxf5 47. gxf5 Bxf5 48. Nc6 Bd7 49. Nb4 Qe6 50. Qg2 Kh7 51. Nd5 f5 52. Kh2 Ndxe4 53. Rg1 Qf7 54. Bh5 Qf8 55. Qg6+ Kh8 56. Ne7 Nf6 57. Nd5 Nxh5 58.
Qxh5 f4 59. Rg6 Qf5 60. Qxh6# 1-0

[Event "*** Titled Tuesday Blitz"]
[Site "Chess.com"]
[Date "2019.05.07"]
[Round "9"]
[White "Vamostodorecto"]
[Black "WPWPWP-2015"]
[Result "1-0"]
[WhiteElo "2409"]
[BlackElo "2357"]
[TimeControl "180+2"]
[EndTime "15:08:22 PDT"]
[Termination "Vamostodorecto won by resignation"]

1. d4 Nf6 2. c4 e6 3. Nc3 Bb4 4. a3 Bxc3+ 5. bxc3 O-O 6. f3 c5 7. e4 d6 8. Bd3 e5 9. Ne2 Nc6 10. O-O Qc7 11. d5 Na5 12. Ng3 b6 13. Bg5 Nd7 14. Be7 Re8 15. Nf5 Nb7 16. Bg5 f6 17. Be3 Na5 18. Qe1 Nf8 19. Qg3 Ba6 20. Bh6 g6 21.
Ne3 Qf7 22. f4 Nd7 23. h4 Re7 24. Rf2 Kh8 25. Raf1 Rg8 26. fxe5 Rxe5 27. Bf4 Qe7 28. Bxe5 dxe5 29. Ng4 Rf8 30. Ne3 Nb7 31. h5 Rg8 32. hxg6 hxg6 33. Qh4+ Kg7 34. Ng4 Rh8 35. Qg3 Nd6 36.
Nxf6 Nxf6 37. Rxf6 Qxf6 38. Rxf6 Kxf6 39. Qf3+ Kg7 40.
Qg4 Bc8 41. Qg5 Re8 42. a4 Bd7 43. a5 bxa5 44. Qe3 Rc8 45. Qg3 Nf7 46. Be2 Rh8 47. Qe3 Rc8 48. Qg3 Kf6 49. Bg4 Rd8 50. Qh4+ Ng5 51. Bxd7 Rxd7 52. Qh8+ Kf7 53. Qxe5 Re7 54.
Qxg5 Rxe4 55. d6 Re1+ 56. Kf2 Re6 57. Qxc5 Rf6+ 58. Kg3 Ke6 59. Qd5+ Kd7 60. c5 a4 61.
c6+ 1-0

[Event "*** Titled Tuesday Blitz"]
[Site "Chess.com"]
[Date "2019.05.07"]
[Round "9"]
[White "Fins0905"]
[Black "Gentlejimmy7"]
[Result "0-1"]
[WhiteElo "2663"]
[BlackElo "2484"]
[TimeControl "180+2"]
[EndTime "15:08:27 PDT"]
[Termination "Gentlejimmy7 won by resignation"]

1. d4 d5 2. c4 dxc4 3. Nf3 Nf6 4.
e3 e6 5. Bxc4 c5 6. O-O a6 7. Bb3 b5 8. a4 b4 9. Nbd2 Bb7 10.
Qe2 Nbd7 11. a5 Be7 12. Ba4 O-O 13. Nc4 Qc7 14. Bd2 Bxf3 15. Qxf3 cxd4 16. Rfc1 dxe3 17. Nb6 exf2+ 18. Kh1 Qd6 19. Be3 Ne5 20. Qxf2 Nfg4 21. Qg3 Nxe3 22. Qxe3 Ng4 23. Qg3 Qxg3 24. hxg3 Rad8 25.
Bc6 Bf6 26. Rab1 Rd2 27. Nc4 Rf2 28. Rd1 Rf5 29. Bb7 Nf2+ 30. Kg1 Nxd1 31. Rxd1 Rc5 32.
b3 Rd8 33. Rc1 Bd4+ 34. Kf1 Bc3 35. Bxa6 Ra8 36. Bb7 Raxa5 37. Nxa5 Rxa5 38. Rd1 Ra1 39. Rxa1 Bxa1 40. Ke2 Be5 41. Kf3 Kf8 42. Be4 g6 43. Bc6 Ke7 44. Bb5 Kf6 45. Be8 Bc3 46. Bb5 Be1 47. Be8 h5 48. Bb5 Ke7 49. g4 hxg4+ 50. Kxg4 Bd2 51. Kf3 f5 52. g4 Kf6 53. Bd7 e5 54. Ke2 Bc1 55. Kd3 e4+ 56. Kd4 Bb2+ 57. Ke3 Ke5 58. gxf5 gxf5 59. Ke2 f4 60. Bg4 f3+ 61.
Kd2 Kd4 62. Kd1 Bc3 63. Bh5 Ke3 64. Bg4 Kf2 0-1

[Event "*** Titled Tuesday Blitz"]
[Site "Chess.com"]
[Date "2019.05.07"]
[Round "9"]
[White "Marcus_Harvey"]
[Black "maxip32"]
[Result "1-0"]
[WhiteElo "2643"]
[BlackElo "2446"]
[TimeControl "180+2"]
[EndTime "15:08:28 PDT"]
[Termination "Marcus_Harvey won by resignation"]

1. d4 Nf6 2. Nf3 g6 3. Bg5 Bg7 4. Nbd2 O-O 5. e4 d5 6. e5 Ne4 7.
Nxe4 dxe4 8. Ng1 c5 9. dxc5 Qa5+ 10. c3 Qxc5 11. Qd4 Qxe5 12. Qxe5 Bxe5 13. Bxe7 Re8 14. Bg5 Nc6 15. Be3 Be6 16. Ne2 Rad8 17. Nf4 Bg4 18. h3 Bf5 19. g4 Bc8 20. Bc4 Kg7 21. a4 f5 22. gxf5 Bxf5 23. a5 Bc7 24. a6 Ne5 25. Bb5 Nf3+ 26. Ke2 Re5 27. Bc4 b6 28. Rad1 Ree8 29.
Nd5 Be5 30. Bb5 Rf8 31. Nb4 Rxd1 32. Kxd1 Rf7 33. Nc6 Bd6 34. Kc2 Bc5 35. b4 Bxe3 36. fxe3 Rc7 37. Nd4 Kf6 38. h4 Ke5 39. Bc6 Nxd4+ 40.
exd4+ Kf4 41. b5 e3+ 42. Kb3 e2 43. d5 Ke3 44. d6 Rg7 45. c4 Kd2 46. c5 bxc5 47. Kc4 e1=Q 48. Rxe1 Kxe1 49. Kxc5 Bd3 50. d7 Rg8 51. Kd6 h6 52. Kc7 g5 53. hxg5 hxg5 54. d8=Q Rxd8 55. Kxd8 g4 56. b6 axb6 57. a7 g3 58.
a8=Q Be2 59. Kc7 b5 60. Kb6 b4 61. Kc5 b3 62. Qa1+ Kf2 63. Qd4+ Kf1 64. Qf4+ 1-0

[Event "*** Titled Tuesday Blitz"]
[Site "Chess.com"]
[Date "2019.05.07"]
[Round "9"]
[White "Mimsychess"]
[Black "PowerThinking2650"]
[Result "1-0"]
[WhiteElo "2364"]
[BlackElo "2372"]
[TimeControl "180+2"]
[EndTime "15:08:31 PDT"]
[Termination "Mimsychess won by checkmate"]

1. e4 e5 2. Nf3 Nc6 3. Bb5 a6 4. Ba4 Nf6 5. O-O Be7 6. Re1 b5 7.
Bb3 O-O 8. d3 d6 9. a3 Na5 10.
Ba2 c5 11. Nc3 Bb7 12. h3 Nc6 13. Ne2 d5 14. exd5 Nxd5 15. Ng3 Bf6 16. Nh5 Re8 17.
Nxf6+ Nxf6 18. Bg5 h6 19. Bh4 Qd6 20. Bg3 Nh5 21. Bh2 Nf4 22. Bxf4 exf4 23. Qd2 Nd4 24. Nxd4 cxd4 25. Rxe8+ Rxe8 26. Re1 Re5 27. Rxe5 Qxe5 28. c3 dxc3 29. bxc3 Qg5 30. g3 fxg3 31. Qxg5 gxf2+ 32. Kxf2 hxg5 33. c4 Kf8 34. c5 Ke7 35. d4 Be4 36. d5 f5 37. Ke3 a5 38. Kd4 b4 39.
axb4 axb4 40. Ke5 Bc2 41. d6+ Kd7 42. Be6+ Kc6 43. Bd5+ Kd7 44. c6+ Kc8 45. c7 Ba4 46. Bc4 Bc6 47. Ke6 g4 48. Ba6+ Bb7 49. Bxb7+ Kxb7 50. d7 Kxc7 51. Ke7 gxh3 52. d8=Q+ Kc6 53. Qd3 h2 54. Qh3 Kc5 55. Qxh2 Kc4 56. Ke6 b3 57.
Qb2 f4 58. Ke5 g5 59. Qd4+ Kb5 60. Qc3 Ka4 61. Kd4 Ka3 62. Kc4 Ka2 63. Qxb3+ Ka1 64. Kc3 f3 65. Qb2# 1-0

[Event "*** Titled Tuesday Blitz"]
[Site "Chess.com"]
[Date "2019.05.07"]
[Round "9"]
[White "BvsN"]
[Black "Walter_White_Poland"]
[Result "0-1"]
[WhiteElo "2291"]
[BlackElo "2296"]
[TimeControl "180+2"]
[EndTime "15:08:32 PDT"]
[Termination "Walter_White_Poland won by resignation"]

1. d4 Nf6 2. c4 c5 3. d5 e6 4. Nc3 exd5 5. cxd5 d6 6. e4 g6 7.
Nge2 Bg7 8. Ng3 O-O 9. Be2 a6 10.
a4 h5 11. Bg5 Qc7 12. Qd2 Re8 13. O-O Nh7 14. Bh6 Bd4 15. Rfc1 h4 16. Nf1 h3 17.
g3 Qe7 18. Be3 Bg7 19. Bd3 Nd7 20. f4 Ndf6 21. Kh1 Ng4 22. Bg1 Bd4 23. Re1 Bxg1 24. Kxg1 Qf6 25. e5 dxe5 26. Ne4 Qb6 27. Bc4 Bf5 28.
d6 Rad8 29. Rad1 Bxe4 30. Rxe4 Nhf6 31. Ree1 e4 32. b3 Rd7 33. f5 e3 34. Nxe3 Ne5 35.
Qf2 Rxd6 36. fxg6 Nxg6 37. Rxd6 Qxd6 38. Nf5 Rxe1+ 39. Qxe1 Qe5 40. Ne7+ Qxe7 41. Qd2 Qe5 42. Qd8+ Kg7 43. Qd2 Qd4+ 44. Qxd4 cxd4 45. Bf1 Ne5 46. Kf2 Ne4+ 47. Ke1 Nf3+ 48. Kd1 Nxh2 49. Bxh3 Nxg3 50. Kd2 f5 51. Kd3 f4 52. Kxd4 f3 53. Kc5 Kg6 54.
Kb6 Kg5 55. Be6 Ne4 56. Bc4 Nd6 57. Bd3 Kf4 58. Kc7 Ke3 59. Bf5 Nxf5 60. Kxb7 f2 0-1

[Event "*** Titled Tuesday Blitz"]
[Site "Chess.com"]
[Date "2019.05.07"]
[Round "9"]
[White "c63_amg"]
[Black "MatthewG-p4p"]
[Result "1-0"]
[WhiteElo "2672"]
[BlackElo "2676"]
[TimeControl "180+2"]
[EndTime "15:08:39 PDT"]
[Termination "c63_amg won by resignation"]

1. e4 e6 2. d4 d5 3. Nc3 Bb4 4. Ne2 dxe4 5. a3 Bxc3+ 6. Nxc3 Nc6 7. d5 exd5 8. Qxd5 Nge7 9. Qxd8+ Nxd8 10. Nxe4 O-O 11.
Bd3 Ndc6 12. O-O Ne5 13. Be2 Bf5 14. f3 Rad8 15. Bf4 N7g6 16. Be3 Rfe8 17. Rfd1 Bxe4 18.
fxe4 Nc6 19. Bb5 a6 20. Rxd8 Rxd8 21. Bc4 Nd4 22. Rc1 b5 23. Bf1 f6 24. c4 c6 25.
cxb5 cxb5 26. a4 bxa4 27. Rc4 Nb3 28. Rxa4 Rd1 29. Kf2 Ne5 30. h3 Rb1 31. Ra2 a5 32. Bb5 Kf8 33. Kg3 Ke7 34. Ba4 Nc1 35. Ra3 Ncd3 36.
Bc2 Re1 37. Bd4 Nb4 38. Bb3 Rxe4 39. Bc5+ Kd7 40. Rxa5 Nbc6 41. Rb5 Kc7 42. Bb6+ Kd6 43. Bd5 Re2 44. Bf3 Nxf3 45. Kxf3 Rc2 46. Bf2 Ne5+ 47.
Kg3 Kc6 48. Rb6+ Kc7 49. Rb5 h5 50. Bd4 Nd3 51. Rb3 Ne1 52. Rc3+ Rxc3+ 53. Bxc3 Nd3 54. Kf3 Kd6 55. Ke4 Nc5+ 56. Kf5 Ne6 57. g3 Ng5 58. h4 Nf7 59. Kg6 Nh6 60. Bd2 Ng4 61. Kxg7 Ke6 62. Kg6 Ne5+ 63. Kxh5 Nf3 64. Bc3 Kf7 65.
Kg4 Ng1 66. b4 Ne2 67. Bb2 Ng1 68. b5 1-0

[Event "*** Titled Tuesday Blitz"]
[Site "Chess.com"]
[Date "2019.05.07"]
[Round "9"]
[White "sergeikim"]
[Black "Veiso"]
[Result "0-1"]
[WhiteElo "2450"]
[BlackElo "2385"]
[TimeControl "180+2"]
[EndTime "15:08:40 PDT"]
[Termination "Veiso won by resignation"]

1. d4 Nf6 2. c4 c5 3. d5 e6 4. Nc3 exd5 5. cxd5 d6 6. e4 g6 7. Nge2 Bg7 8. Ng3 O-O 9. Be2 b6 10. O-O Ba6 11. Bf4 Ne8 12. Qd2 Bxe2 13. Ncxe2 Qf6 14. Rab1 Qe7 15. Bh6 Nd7 16. Bxg7 Nxg7 17. f4 f5 18. Nc3 fxe4 19. Ncxe4 Nf6 20. Rbe1 Nxe4 21. Nxe4 Nf5 22.
Ng5 Qf6 23. Ne6 Rf7 24. Re4 Re8 25. Rfe1 Rfe7 26. g4 Nd4 27. Qg2 Nxe6 28. dxe6 Rxe6 29. Rxe6 Rxe6 30. Qa8+ Kg7 31. Qxa7+ Qf7 32. Qxf7+ Kxf7 33.
Rd1 Ke7 34. Kf2 Re4 35. Kf3 Rc4 36. Rd2 Ke6 37. Re2+ Kd7 38. f5 gxf5 39. gxf5 Rh4 40. Kg3 Rh6 41. Kg4 d5 42. Kg5 Rh3 43. f6 Rf3 44.
Re7+ Kd6 45. Rxh7 d4 46. Rh8 d3 47. Kg6 Kc7 48. Rh7+ Kc6 49. Rh8 Kc7 50. Rh7+ Kc6 51.
Rh8 Rf4 52. Rd8 Rd4 53. Rxd4 cxd4 54. f7 d2 55. f8=Q d1=Q 56. Qf6+ Kd5 57. h4 Qg4+ 58.
Kf7 d3 59. Qd8+ Ke4 60. Qe7+ Kd4 61. Qd6+ Ke4 62. Qe7+ Kf3 63. Qd8 Qf4+ 64. Kg7 d2 65. h5 Qe5+ 66. Kg6 Qe4+ 67. Kg7 Qe2 68. Qd5+ Kf2 69.
Qf5+ Ke1 70. h6 d1=Q 71. h7 Qg4+ 72. Qxg4 Qxg4+ 73. Kf6 Qd4+ 74. Kf7 Qxb2 0-1

[Event "*** Titled Tuesday Blitz"]
[Site "Chess.com"]
[Date "2019.05.07"]
[Round "9"]
[White "Yurovskykh_Oleksandr"]
[Black "pedroholly22"]
[Result "0-1"]
[WhiteElo "2523"]
[BlackElo "2294"]
[TimeControl "180+2"]
[EndTime "15:08:41 PDT"]
[Termination "pedroholly22 won by resignation"]

1. d4 Nf6 2. Nf3 g6 3. Bg5 Bg7 4. Nbd2 O-O 5. c3 d6 6. e4 Nc6 7. Be2 e5 8. dxe5 dxe5 9. Qc2 h6 10. Bh4 g5 11. Bg3 Qe7 12. Nc4 Nd7 13. Nfd2 Nb6 14.
Ne3 Be6 15. Bg4 Rad8 16. Bxe6 fxe6 17. O-O Nd7 18. Rad1 Nf6 19. Ndc4 Nh5 20. Rxd8 Rxd8 21. Rd1 Nf4 22. Rxd8+ Qxd8 23. Kf1 h5 24. f3 b5 25.
Nd2 Qd3+ 26. Qxd3 Nxd3 27. b3 Nc1 28. a4 a6 29. axb5 axb5 30. Ke1 Na2 31. Nb1 Nc1 32. Nd2 Na2 33. c4 bxc4 34. Nexc4 h4 35. Bf2 Nc3 36. h3 Kf7 37. Be3 Bf6 38. Nf1 Nb5 39. Nfd2 Nbd4 40.
Bxd4 Nxd4 41. Kf2 Ke7 42. Ke3 Kd7 43. Kd3 Kc6 44. Na3 Kc5 45. Nc2 Kb5 46. Nxd4+ exd4 47. Nc4 Kb4 48. e5 Be7 49. Kxd4 Kxb3 50. Kd3 c5 51. Nd6 Kb4 52. Ne8 c4+ 53. Kc2 Kc5 54. Nc7 Kd4 55.
Nxe6+ Kxe5 56. Nc7 Bb4 57. Nb5 Kf4 58. Nd4 Kg3 59.
Ne6 Kxg2 60. Nxg5 Be7 61. Nf7 Bf6 62. Nd6 Kxh3 63. Nxc4 Kg3 64. Ne3 h3 65. Kd3 Kxf3 66. Nf1 Be5 67. Kd2 Kf2 0-1

[Event "*** Titled Tuesday Blitz"]
[Site "Chess.com"]
[Date "2019.05.07"]
[Round "9"]
[White "Oleg_Papayan"]
[Black "harvsp123"]
[Result "1-0"]
[WhiteElo "2545"]
[BlackElo "2475"]
[TimeControl "180+2"]
[EndTime "15:08:46 PDT"]
[Termination "Oleg_Papayan won by resignation"]

1. e4 c5 2. Nf3 d6 3. d4 cxd4 4. Nxd4 Nf6 5. Nc3 a6 6. Be3 e5 7. Nb3 Be6 8. Qd2 Be7 9. f3 h5 10. O-O-O Nbd7 11. Kb1 b5 12. Nd5 Nxd5 13. exd5 Bf5 14.
Na5 Qc7 15. Nc6 Bf6 16. Bd3 Bxd3 17. Qxd3 Nb8 18. g4 hxg4 19. fxg4 Nxc6 20. dxc6 Qxc6 21. g5 Be7 22. g6 O-O 23. Rhg1 Rac8 24. Rd2 Qc4 25. Qf5 fxg6 26. Qxg6 Qf7 27. Qg3 Rc6 28. Rdg2 Bf6 29. Bh6 Rc7 30. Qd3 d5 31. Bxg7 Bxg7 32. Rxg7+ Qxg7 33. Rxg7+ Rxg7 34. Qxd5+ Kh8 35. a3 Rf1+ 36.
Ka2 Rf5 37. Qa8+ Kh7 38. Qxa6 e4 39. Qe6 Rf4 40. Qe5 Rgf7 41. Qxb5 Kg6 42. a4 R7f5 43. Qb6+ Kg5 44. a5 Rf3 45. Qd8+ Kg4 46. a6 Rf6 47.
Qc8+ Kh4 48. a7 Rf8 49. a8=Q Rxc8 50. Qxc8 e3 51. Qc4+ Kh3 52. Qe2 Kg4 53. b4 Kf4 54. b5 Rf2 55. Qc4+ Kf3 56. Qd5+ Ke2 57. Qd3+ Kf3 58. b6 Rxh2 59. b7 Rh8 60. Qf5+ Ke2 61. Qc8 Rxc8 62. bxc8=Q Ke1 63. Qe6 e2 64. c4 Kd1 65. c5 e1=Q 66. Qb3+ Ke2 67. Qe6+ Kd2 68. Qxe1+ Kxe1 69. c6 1-0